 Dungeon Crawl Stone Soup version 0.27.1-1-g398f81649c (webtiles) character file.

Game seed: 10727100530838208151

34 Metae the Magician (level 3, -3/27 HPs)
             Began as a Djinni Ice Elementalist on Sept 9, 2021.
             Slain by a worm (8 damage)
             ... on level 2 of the Dungeon.
             The game lasted 00:10:21 (1239 turns).

Metae the Magician (Djinni Ice Elementalist)        Turns: 1239, Time: 00:10:23

Health: -3/27      AC:  2    Str:  7    XL:     3   Next: 50%
Gold:   25         EV: 12    Int: 17    God:
                   SH:  0    Dex: 13

rFire    + + .     SeeInvis .   h - +0 short sword
rCold    . . .     Faith    .   (no shield)
rNeg     . . .     Spirit   .   a - +0 robe
rPois    ∞         Reflect  .   (no helmet)
rElec    .         Harm     .   (no cloak)
rCorr    .         Rampage  .   (no gloves)
Will     .....                  (boots unavailable)
Stlth    ++........             (no amulet)
HPRegen  0.09/turn              c - ring of protection from cold
MPRegen  0.00/turn              (no ring)

@: freezing walls, flying
A: sickness immunity, fire resistance 2, cold vulnerability 1, float, innate
caster, hp casting, extra vitality 1
a: no special abilities


You were on level 2 of the Dungeon.
You visited 1 branch of the dungeon, and saw 2 of its levels.

You collected 25 gold pieces.

Inventory:

Hand Weapons
 h - a +0 short sword (weapon)
Armour
 a - a +0 robe (worn)
Magical Staves
 k - a staff of earth
Jewellery
 c - a ring of protection from cold (left hand)
Scrolls
 d - 4 scrolls of teleportation {unknown}
 e - a scroll of brand weapon {unknown}
 f - a scroll of silence {unknown}
 g - a scroll of fog {unknown}
 i - a scroll of identify {unknown}
 j - a scroll of amnesia {unknown}
Potions
 b - a potion of curing {unknown}


   Skills:
 * Level 1.3 Fighting
 + Level 2.5 Dodging
 + Level 1.7 Stealth
 * Level 3.6 Spellcasting


You couldn't memorise any spells.
You knew the following spells:

 Your Spells              Type           Power      Damage    Failure   Level
a - Freeze                Ice            60%        1d8       3%          1
b - Frozen Ramparts       Ice            30%        1d5       11%         3
c - Ozocubu's Armour      Ice            15%        N/A       11%         3
d - Hailstorm             Conj/Ice       15%        3d5       34%         4
e - Animate Skeleton      Necr           30%        N/A       3%          1
Your spell library was empty.

Dungeon Overview and Level Annotations

Branches:
Dungeon (2/15)

Altars:


Innate Abilities, Weirdness & Mutations

You are immune to sickness and miasma.
You are immune to poison.
Your flesh is very heat resistant. (rF++)
You are vulnerable to cold. (rC-)
You float through the air rather than walking.
You learn spells naturally, not from books.
Your magical power is your life essence.
You have superior vitality. (+4 HP)


Message History

You freeze the worm.
The worm is moderately wounded.
The worm bites you!
Casting: Freeze (safe; 3% risk of failure)
Confirm with . or Enter, or press ? or * to list all spells.
Aiming: Freeze (safe; 3% risk of failure)
Press: ? - help, Shift-Dir - straight line, f/p - worm
Aim: a worm (lightly wounded)
You freeze the worm.
The worm is heavily wounded.
* * * LOW HITPOINT WARNING * * *
The worm barely misses you.
Casting: Freeze (safe; 3% risk of failure)
Confirm with . or Enter, or press ? or * to list all spells.
The spell is quite dangerous to cast (11% risk of failure)!
Continue anyway?
Okay, then.
Your magical contamination has completely faded away.
Casting: Frozen Ramparts (quite dangerous; 11% risk of failure)
Confirm with . or Enter, or press ? or * to list all spells.
The spell is quite dangerous to cast (11% risk of failure)!
Continue anyway?
Casting: Frozen Ramparts (quite dangerous; 11% risk of failure)
Press: ? - help, Dir - look around, f - activate The walls around you are covered in ice.
* * * LOW HITPOINT WARNING * * *
Your frozen ramparts will break if you move.
Continue? [Y]es or [N]o only, please.
Your frozen ramparts will break if you move.
Continue?
Okay, then.
The wall freezes the worm!
The wall freezes the worm.
Casting: Frozen Ramparts (quite dangerous; 11% risk of failure)
Confirm with . or Enter, or press ? or * to list all spells.
Aiming: Freeze (safe; 3% risk of failure)
Press: ? - help, Shift-Dir - straight line, f - worm
Aim: a worm (severely wounded)
You freeze the worm.
The worm is severely wounded.
* * * LOW HITPOINT WARNING * * *
The wall freezes the worm.
The worm bites you!
You die...

#.. ..# ####.##
#.# #.....####.##
#.....#.....
#.......##.#
#.....####.#
#..........#######
###.######.......#
#@# #.......##.
#w# #..........
#.# #.......## #.#
#...<...# #.#
#.......# #.#
#.......# ###.###
##......##.
#.....#
#..........
#.#.#(#
#..#.#..##.


You could see a worm.

Vanquished Creatures
  An adder (D:2)
  A dart slug (D:1)
  8 bats
  An endoplasm (D:1)
  3 giant cockroaches
  2 goblins
  2 hobgoblins (D:1)
  A ball python (D:1)
  A kobold (D:1)
  2 rats (D:1)
22 creatures vanquished.

Vanquished Creatures (others)
  A plant (D:1)
1 creature vanquished.

Grand Total: 23 creatures vanquished

Notes
Turn   | Place    | Note
-------+----------+-------------------------------------------
     0 | D:1      | Metae the Djinni Ice Elementalist began the quest for the
                  | Orb.
     0 | D:1      | Reached XP level 1. HP: 15/15 MP: 0/0
   240 | D:1      | Reached skill level 1 in Fighting
   240 | D:1      | Reached XP level 2. HP: 21/22 MP: 0/0
   736 | D:1      | Found a faded altar of an unknown god.
  1086 | D:1      | Reached XP level 3. HP: 26/27 MP: 0/0
  1086 | D:1      | Learned a level 1 spell: Animate Skeleton
  1239 | D:2      | Slain by a worm

Illustrated notes

Levels and vault maps discovered:
D:1:      matt_arrival_grand_opening, layout_loops_ring,
          dreamdust_ecumenical_altar_grove, minmay_misc_feat_rugged,
          minmay_misc_feat_hallway, minmay_domino_2
D:2:      layout_loops_cross

Skill      XL: |  1 |
---------------+----+-----
Fighting       | 1 |  1.3
Dodging        | |  2.5
Stealth        | |  1.7
Spellcasting   | |  3.6

Action                   || total
-------------------------++-------
Melee: Unarmed           ||     1
       Short sword       ||     5
 Cast: Freeze            ||    35
       Frozen Ramparts   ||     1
Armor: Robe              ||     9
Dodge: Dodged            ||    22
